Map: 16-Bit LE

Players

Vrajitoru

  • Race: Zerg Zerg
  • League: Silver
  • Spawn Location: 7:00

A.I. 1 (Very Hard) - Winner!

  • Race: Zerg Zerg
  • Spawn Location: 1:00

VOD

Have the link to the VOD?

Description

Time

  • Played on: Aug. 11, 2018, 3:37 p.m.
  • Length: 23:37
Show
View Real Time Build Order
Export as new Build Order

Vrajitoru Zerg 

Build Orders: Hatch First 

Get SALT Encoding   

  12  0:02  Drone  
  13  0:13  Overlord  
  13  0:18  Drone  
  14  0:32  Drone  
  14  0:33  Drone  
  17  0:35  Drone  
  17  1:05  Hatchery  
  16  1:12  Spawning Pool  
  16  1:15  Extractor, Drone x2  
  16  1:19  Drone  
  17  1:28  Drone  
  18  1:37  Overlord  
  18  1:54  Drone  
  19  2:01  Queen  
  19  2:05  Drone  
  22  2:13  Drone  
  23  2:18  Drone  
  24  2:24  Drone  
  25  2:45  Hatchery  
  24  3:01  Drone x2  
  24  3:02  Drone x2  
  24  3:04  Overlord  
  24  3:05  Overlord  
  28  3:17  Zergling x4  
  30  3:28  Zergling x2  
  30  3:29  Zergling x6  
  30  3:30  Metabolic Boost  
  34  3:44  Zergling x2  
  34  3:45  Zergling x2  
  34  3:46  Queen  
  38  4:02  Zergling x4  
  40  4:08  Overlord  
  40  4:09  Overlord  
  40  4:11  Drone x3  
  43  4:42  Zergling x10  
  43  4:43  Zergling x4  
  43  4:44  Zergling x2  
  43  4:45  Zergling x2  
  52  4:51  Evolution Chamber  
  51  4:56  Evolution Chamber  
  51  4:58  Drone x3  
  51  4:59  Drone x5  
  58  5:00  Overlord  
  47  5:36  Zergling x2  
  47  5:37  Zergling x12  
  47  5:38  Zergling x8  
  51  5:49  Zerg Melee Weapons Level 1  
  50  5:51  Zerg Ground Armor Level 1  
  50  6:13  Lair  
  50  6:25  Hatchery  
  49  6:34  Spine Crawler  
  49  6:37  Spine Crawler  
  46  6:58  Zergling x10  
  46  6:59  Zergling x12  
  46  7:00  Zergling x2  
  48  7:23  Overseer  
  48  7:28  Overseer  
  48  7:45  Zergling x8  
  48  7:46  Zergling x10  
  48  7:47  Zergling x8  
  48  7:48  Zergling x4  
  63  7:53  Unknown  
  55  8:40  Hydralisk Den  
  46  8:59  Zerg Ground Armor Level 2, Zerg Melee Weapons Level 2  
  35  9:12  Extractor  
  35  9:14  Muscular Augments  
  35  9:16  Hydralisk x2  
  36  9:18  Zergling x4  
  36  9:19  Zergling x12  
  36  9:20  Zergling x4  
  48  9:37  Unknown  
  48  9:38  Drone x3  
  51  9:47  Hydralisk x2  
  51  9:49  Zergling x2  
  51  9:50  Zergling x10  
  61  10:06  Spore Crawler  
  60  10:08  Spine Crawler  
  60  10:09  Overseer  
  59  10:14  Overseer  
  59  10:24  Drone x3  
  62  10:29  Drone x3  
  62  10:31  Queen  
  62  10:32  Queen  
  69  10:40  Hydralisk x2  
  69  10:42  Zergling x8  
  77  10:48  Overlord x5  
  77  10:49  Overlord  
  77  11:13  Hydralisk x2  
  77  11:14  Hydralisk x2  
  85  11:18  Zergling x2  
  85  11:19  Zergling x12  
  85  11:20  Zergling x6  
  75  11:40  Grooved Spines  
  75  11:52  Drone x3  
  78  11:55  Extractor  
  78  11:59  Extractor  
  78  12:00  Zergling x10  
  78  12:01  Zergling x8  
  85  12:09  Infestation Pit  
  85  12:15  Pneumatized Carapace  
  84  12:24  Zergling x4  
  84  12:25  Zergling x12  
  84  12:29  Zerg Missile Weapons Level 1  
  92  12:57  Queen  
  94  13:01  Unknown  
  94  13:17  Hydralisk x4  
  94  13:18  Hydralisk  
  94  13:19  Zergling x2  
  106  13:20  Zergling x12  
  106  13:26  Overlord x2  
  106  13:27  Overlord x3  
  84  13:38  Unknown  
  84  13:59  Unknown  
  72  14:02  Hydralisk  
  72  14:03  Hydralisk x4  
  72  14:04  Zergling x2  
  72  14:05  Zergling x12  
  74  14:16  Drone  
  71  14:49  Hydralisk x3  
  71  14:50  Hydralisk x2  
  71  14:51  Hydralisk  
  83  14:53  Zergling x4  
  83  14:54  Zergling x8  
  83  14:59  Drone x3  
  92  15:13  Zerg Missile Weapons Level 2  
  92  15:25  Hive  
  92  15:30  Unknown  
  92  15:45  Hydralisk x2  
  92  15:47  Zergling x6  
  92  15:48  Zergling x10  
  92  15:49  Zergling x10  
  110  15:50  Zergling x6  
  111  16:11  Unknown  
  107  16:23  Hydralisk  
  107  16:24  Hydralisk x3  
  115  16:26  Zergling x14  
  115  16:27  Zergling x6  
  119  16:56  Overseer  
  119  17:00  Overlord x5  
  119  17:01  Overlord  
  105  17:08  Hydralisk  
  105  17:09  Hydralisk  
  105  17:10  Zergling x8  
  113  17:25  Hydralisk x4  
  113  17:26  Zergling x2  
  113  17:27  Zergling x6  
  99  18:02  Hydralisk x4  
  99  18:04  Zergling x2  
  99  18:05  Zergling x10  
  113  18:06  Zergling x4  
  79  18:47  Hydralisk  
  79  18:48  Hydralisk x4  
  81  18:49  Zergling x4  
  81  18:50  Zergling x14  
  81  18:51  Zergling x2  
  93  19:28  Hydralisk x4  
  93  19:29  Hydralisk  
  93  19:31  Zergling x14  
  107  19:38  Overseer  
  110  20:02  Hatchery  
  110  20:05  Unknown  
  83  20:27  Drone x3  
  86  20:52  Hydralisk x3  
  86  20:53  Hydralisk x2  
  86  20:54  Zergling x6  
  86  20:55  Zergling x10  
  86  20:56  Zergling x12  
  86  20:57  Zergling x8  
  114  21:17  Unknown  
  110  21:27  Unknown  
  110  21:32  Hydralisk x4  
  94  21:33  Hydralisk x5  
  94  21:34  Zergling x2, Hydralisk x2  
  94  21:35  Zergling x4  
  82  21:50  Drone x2  
  84  22:06  Hydralisk x2  
  89  22:08  Zergling x6  
  89  22:09  Zergling x10  
  96  22:18  Unknown  
  52  22:40  Hydralisk x4  
  52  22:42  Zergling x8  
  52  22:43  Zergling x8  
  51  23:19  Hatchery  
  50  23:23  Unknown  
  60  23:31  Unknown  
Show
View Real Time Build Order
Export as new Build Order

A.I. 1 (Very Hard) Zerg - Winner!

Build Orders: Pool First 

Get SALT Encoding   

  12  0:00  Drone  
  13  0:12  Overlord  
  13  0:17  Drone  
  14  0:30  Drone x2  
  14  0:34  Drone  
  17  0:49  Spawning Pool  
  16  0:50  Drone  
  17  1:12  Hatchery  
  17  1:14  Drone  
  17  1:18  Extractor  
  16  1:20  Drone  
  16  1:23  Extractor  
  16  1:25  Drone  
  16  1:30  Drone  
  18  1:38  Drone  
  19  1:49  Overlord  
  19  1:56  Queen  
  22  2:01  Zergling x2  
  22  2:10  Drone  
  23  2:23  Queen  
  23  2:27  Drone  
  26  2:34  Drone  
  27  2:38  Drone  
  27  2:42  Drone  
  29  2:58  Roach Warren  
  28  2:59  Drone  
  28  3:03  Drone  
  30  3:06  Zergling x2  
  30  3:10  Zergling x2  
  32  3:15  Overlord  
  32  3:20  Drone  
  32  3:22  Drone  
  34  3:39  Roach  
  34  3:40  Roach  
  34  3:41  Roach x2  
  42  3:47  Lair  
  42  3:52  Overlord  
  42  3:57  Overlord  
  42  4:00  Zergling x2  
  43  4:04  Zergling x2  
  44  4:10  Drone, Zergling x2  
  44  4:11  Drone  
  44  4:13  Drone  
  44  4:16  Drone  
  49  4:18  Drone  
  49  4:22  Roach  
  52  4:26  Roach  
  52  4:30  Overlord  
  55  4:38  Drone  
  55  4:40  Drone  
  55  4:42  Drone  
  55  4:44  Drone  
  58  4:47  Infestation Pit, Drone  
  58  4:50  Overlord  
  58  4:54  Overlord  
  58  4:58  Roach  
  60  5:01  Roach  
  60  5:06  Hydralisk Den  
  61  5:10  Drone  
  62  5:14  Drone  
  62  5:18  Drone  
  64  5:21  Drone  
  64  5:25  Drone  
  64  5:28  Drone  
  67  5:30  Drone  
  67  5:34  Drone  
  62  5:36  Hydralisk  
  62  5:41  Hydralisk  
  66  5:48  Hydralisk  
  68  5:50  Drone  
  68  5:53  Drone  
  68  5:54  Drone  
  68  5:57  Drone  
  72  5:58  Drone  
  72  6:00  Drone  
  72  6:02  Drone  
  75  6:05  Overlord  
  75  6:07  Drone  
  75  6:08  Drone  
  75  6:11  Infestor  
  76  6:14  Infestor  
  76  6:17  Roach  
  82  6:25  Spire  
  82  6:28  Overlord  
  82  6:30  Drone  
  82  6:31  Ravager x2  
  84  6:33  Roach  
  84  6:37  Roach  
  88  6:41  Extractor  
  88  6:43  Extractor  
  88  6:47  Evolution Chamber  
  85  6:48  Drone  
  85  6:51  Evolution Chamber  
  85  6:55  Spine Crawler  
  85  6:56  Drone  
  85  7:00  Spine Crawler  
  85  7:01  Drone, Zergling x2  
  83  7:04  Drone x3  
  83  7:07  Drone  
  87  7:12  Overlord, Drone  
  87  7:13  Drone  
  87  7:14  Zerg Missile Weapons Level 1  
  89  7:16  Overseer  
  89  7:21  Zerg Ground Armor Level 1  
  91  7:23  Roach  
  91  7:27  Hydralisk  
  93  7:31  Queen  
  93  7:32  Overlord  
  95  7:38  Mutalisk, Spore Crawler, Drone  
  95  7:39  Spore Crawler  
  95  7:40  Drone  
  95  7:43  Mutalisk  
  99  7:46  Mutalisk  
  101  7:55  Baneling Nest  
  101  7:56  Drone  
  101  8:02  Mutalisk  
  101  8:03  Overlord  
  102  8:07  Hatchery, Zergling x2  
  102  8:11  Mutalisk  
  104  8:20  Mutalisk  
  106  8:29  Mutalisk  
  108  8:39  Mutalisk, Overlord  
  108  8:40  Spine Crawler  
  108  8:41  Baneling, Zergling x2  
  106  8:48  Zergling x2  
  106  8:54  Mutalisk  
  109  9:00  Baneling  
  109  9:01  Baneling, Zergling x2  
  105  9:08  Baneling, Zergling x2  
  105  9:09  Infestor  
  108  9:16  Ravager  
  109  9:19  Queen  
  109  9:20  Drone x5  
  109  9:21  Drone x4  
  109  9:22  Drone  
  121  9:24  Drone  
  121  9:26  Extractor  
  121  9:29  Extractor  
  121  9:30  Drone  
  121  9:32  Drone  
  121  9:35  Overlord  
  122  9:40  Mutalisk  
  122  9:41  Baneling, Hydralisk  
  122  9:42  Drone x3, Roach  
  122  9:43  Drone x2  
  133  9:46  Drone  
  133  9:51  Drone  
  135  9:54  Overlord  
  135  9:57  Drone  
  136  10:02  Drone  
  136  10:05  Drone  
  138  10:07  Infestor  
  138  10:10  Baneling, Infestor, Zergling x2  
  138  10:13  Overlord, Centrifical Hooks  
  138  10:14  Baneling x2, Zergling x2  
  144  10:27  Hive  
  144  10:32  Overlord  
  144  10:39  Spine Crawler  
  144  10:40  Drone  
  144  10:42  Spore Crawler  
  143  10:43  Drone  
  143  10:44  Zerg Missile Weapons Level 2  
  144  10:50  Queen  
  146  10:58  Zerg Ground Armor Level 2  
  146  11:01  Hatchery  
  146  11:02  Drone  
  146  11:03  Baneling x2, Overlord, Zergling x2  
  147  11:05  Hydralisk  
  147  11:08  Hydralisk  
  151  11:19  Spine Crawler  
  150  11:26  Overseer x2, Zergling x2  
  150  11:27  Zergling x6  
  150  11:30  Evolution Chamber  
  150  11:32  Spine Crawler  
  148  11:33  Spine Crawler  
  148  11:35  Spine Crawler  
  148  11:36  Metabolic Boost, Drone  
  148  11:38  Viper  
  150  11:41  Viper  
  153  11:55  Zergling x2, Zerg Melee Weapons Level 1  
  153  11:57  Zergling x2  
  155  12:14  Spine Crawler  
  155  12:15  Drone x3  
  157  12:16  Spore Crawler, Drone x4  
  157  12:17  Overlord, Drone x3  
  157  12:18  Drone x3  
  157  12:19  Spine Crawler  
  157  12:20  Drone  
  157  12:21  Spore Crawler  
  157  12:22  Drone  
  166  12:24  Spore Crawler, Hatchery, Drone x2  
  166  12:31  Spore Crawler, Drone  
  166  12:33  Pneumatized Carapace  
  166  12:34  Extractor  
  166  12:35  Drone  
  166  12:52  Extractor  
  166  12:53  Drone  
  166  13:04  Hydralisk x2  
  166  13:05  Overlord  
  170  13:07  Baneling  
  170  13:08  Baneling  
  170  13:09  Baneling x4, Hydralisk x2  
  170  13:10  Baneling, Ravager  
  170  13:11  Mutalisk, Zergling x2, Roach x4, Ravager  
  170  13:12  Roach  
  189  13:13  Spine Crawler  
  189  13:14  Roach  
  189  13:15  Lurker Den  
  189  13:16  Drone  
  189  13:18  Zerg Missile Weapons Level 3  
  190  13:23  Drone  
  191  13:33  Mutalisk, Baneling, Tunneling Claws  
  190  13:34  Zergling x2  
  190  13:36  Infestor, Zergling x2  
  190  13:37  Zergling x2  
  195  13:43  Infestor, Hydralisk  
  195  13:44  Hatchery  
  195  13:45  Baneling, Drone  
  195  13:46  Baneling  
  198  13:51  Zerg Melee Weapons Level 2  
  198  13:58  Spore Crawler, Hydralisk  
  198  14:00  Drone  
  198  14:01  Hydralisk  
  198  14:02  Mutalisk  
  197  14:03  Zergling x2  
  197  14:07  Zergling x2  
  197  14:12  Drone, Spine Crawler, Zergling x2  
  198  14:21  Zergling x2  
  198  14:22  Baneling  
  198  14:23  Baneling, Spine Crawler  
  198  14:24  Drone  
  194  14:26  Spine Crawler, Zergling x2  
  194  14:27  Drone  
  194  14:28  Spine Crawler  
  194  14:30  Drone  
  185  14:32  Overlord, Roach  
  185  14:52  Overlord  
  185  14:55  Spine Crawler, Drone, Queen  
  185  14:57  Spore Crawler, Drone  
  187  15:09  Extractor  
  187  15:10  Drone  
  187  15:12  Spore Crawler, Drone  
  187  15:15  Zerg Ground Armor Level 3, Spore Crawler  
  187  15:16  Drone  
  187  15:17  Spore Crawler  
  187  15:18  Drone  
  187  15:20  Spine Crawler  
  186  15:21  Hydralisk x2  
  186  15:22  Hydralisk, Drone  
  186  15:23  Drone, Spore Crawler, Hydralisk x2  
  186  15:24  Extractor  
  186  15:26  Drone  
  197  15:32  Overlord, Overseer  
  197  15:55  Pathogen Glands, Spore Crawler, Drone  
  197  15:58  Baneling, Roach  
  197  16:02  Drone, Roach  
  197  16:03  Drone  
  197  16:04  Drone  
  199  16:05  Spine Crawler, Drone  
  199  16:06  Drone  
  199  16:07  Drone  
  199  16:08  Spine Crawler, Drone x2  
  199  16:09  Drone x2, Zerg Melee Weapons Level 3  
  199  16:11  Spore Crawler, Drone x2  
  198  16:12  Drone  
  198  16:14  Baneling, Spore Crawler  
  198  16:15  Drone  
  199  16:18  Spine Crawler  
  199  16:19  Drone  
  199  16:20  Baneling x3  
  199  16:21  Baneling x4  
  199  16:28  Baneling, Drone  
  199  16:31  Spore Crawler  
  198  16:33  Drone  
  198  16:35  Zergling x2  
  198  16:36  Hatchery  
  198  16:37  Hydralisk  
  198  16:38  Drone  
  199  16:50  Hatchery  
  199  16:52  Drone  
  199  16:56  Hydralisk, Neural Parasite  
  199  16:57  Mutalisk  
  199  17:04  Glial Reconstitution  
  199  17:05  Hydralisk  
  199  17:06  Spine Crawler  
  199  17:08  Spine Crawler, Drone  
  200  17:09  Spine Crawler  
  200  17:10  Drone  
  200  17:24  Drone  
  200  17:25  Spore Crawler, Drone x2  
  200  17:27  Drone  
  200  17:28  Drone x3  
  200  17:29  Drone x2  
  200  17:30  Drone x2  
  200  17:31  Drone x2  
  200  17:32  Drone x4  
  200  17:33  Drone x2  
  200  17:34  Drone x3  
  200  17:35  Drone  
  200  17:36  Baneling, Overlord, Drone  
  194  17:37  Zergling x2, Drone  
  194  17:38  Drone  
  194  17:39  Zergling x2  
  194  17:40  Mutalisk x2  
  187  17:45  Mutalisk, Drone  
  187  17:46  Roach  
  187  17:47  Mutalisk  
  187  17:51  Mutalisk  
  194  17:56  Mutalisk  
  194  17:57  Mutalisk  
  199  17:59  Baneling  
  199  18:00  Spore Crawler  
  198  18:14  Drone  
  198  18:16  Drone  
  198  18:18  Zergling x2  
  198  18:19  Zergling x2  
  194  18:21  Hatchery, Roach  
  194  18:22  Drone  
  194  18:23  Mutalisk  
  198  18:30  Roach  
  200  18:35  Queen  
  200  18:38  Burrow, Zerg Flyer Weapons Level 1  
  199  19:05  Spore Crawler  
  199  19:06  Drone  
  199  19:11  Mutalisk, Hatchery, Zergling x2  
  199  19:15  Drone  
  200  19:23  Corruptor  
  200  19:26  Corruptor  
  200  19:30  Baneling x2  
  200  19:41  Spine Crawler  
  200  19:45  Drone, Spine Crawler, Zergling x2  
  200  19:46  Drone x2  
  200  19:48  Spine Crawler, Drone x7  
  200  19:49  Drone x2  
  200  19:50  Drone x3  
  200  19:57  Drone x2  
  200  19:58  Drone x2  
  200  19:59  Drone  
  200  20:00  Spine Crawler, Drone x3  
  200  20:02  Corruptor, Drone x4  
  200  20:03  Drone x3  
  200  20:04  Spine Crawler, Drone x2  
  200  20:05  Drone  
  200  20:07  Spine Crawler, Drone  
  200  20:09  Spine Crawler  
  200  20:14  Baneling  
  198  20:15  Hatchery  
  198  20:21  Drone x2  
  198  20:22  Drone  
  198  20:26  Baneling  
  200  20:32  Zerg Flyer Armor Level 1  
  200  20:41  Spore Crawler  
  200  20:42  Overseer, Drone  
  200  20:45  Spore Crawler, Drone  
  200  20:56  Spore Crawler, Drone  
  200  21:17  Spine Crawler, Drone  
  200  21:20  Spore Crawler, Drone  
  200  21:23  Spine Crawler, Unknown, Roach  
  200  21:24  Drone  
  200  21:25  Drone  
  199  21:31  Corruptor, Zergling x2  
  199  21:32  Drone  
  198  21:33  Mutalisk  
  198  21:34  Mutalisk, Hatchery  
  198  21:35  Mutalisk, Drone  
  198  21:36  Mutalisk x2  
  198  21:37  Mutalisk  
  198  21:39  Mutalisk  
  200  21:41  Mutalisk  
  197  21:51  Mutalisk  
  197  22:04  Spore Crawler, Drone  
  197  22:08  Mutalisk, Spore Crawler  
  198  22:21  Drone  
  196  22:24  Mutalisk  
  196  22:25  Mutalisk, Corruptor  
  196  22:26  Mutalisk, Corruptor x2  
  196  22:27  Mutalisk x2  
  196  22:28  Mutalisk  
  197  22:31  Mutalisk  
  197  22:34  Mutalisk  
  197  22:35  Mutalisk  
  197  22:36  Extractor  
  198  22:50  Roach  
  198  22:51  Extractor, Drone  
  198  22:53  Extractor, Drone  
  198  22:56  Spine Crawler, Drone  
  198  23:00  Spine Crawler, Drone  
  198  23:01  Spine Crawler, Drone  
  198  23:03  Extractor, Drone  
  198  23:07  Hatchery, Drone  
  197  23:34  Spore Crawler  
Tags
 
League
Silver
Matchup
ZvZ
Race
Zerg
Spawn Locations
Cross Positions
Add a new tag
Caveats
  • Supply blocks, unpowered buildings, or Contaminate may cause inaccurate times.
  • Supply counts are checked every 10 seconds.